Sabres vs Canadiens

Created - November 21 2011 at 18:16

Goals
1 2 3 T
Sabres 1 1 1 3
Canadiens 4 1 1 6
Shots
1 2 3 T
Sabres 15 15 17 47
Canadiens 10 3 10 23

Period #1

1. Sabres , Tyler Myers 4 (Chris Stewart, Tuomo Ruutu) at 1:27 (PP)
2. Canadiens , Logan Couture 6 (Dustin Byfuglien, Jonathan Toews) at 4:09
3. Canadiens , Brandon Dubinsky 14 (Ville Leino, Andy McDonald) at 5:08 (PP)
4. Canadiens , Brandon Dubinsky 15 (Andy McDonald) at 7:57
5. Canadiens , Manny Malhotra 7 (David Perron, Rob Scuderi) at 19:31

Penalties :
Travis Hamonic (MTL) for Goalie Interference (Minor) at 0:09, Luke Schenn (BUF) for Hooking (Minor) at 4:36, Mike Richards (BUF) for High sticking (Minor) at 9:27, Dustin Byfuglien (MTL) for High sticking (Minor) at 13:00, Aaron Rome (MTL) for Diving (Minor) at 16:00, Travis Hamonic (MTL) for Hooking (Minor) at 19:56

Period #2

6. Canadiens , Andy McDonald 11 (Marc-Edouard Vlasic, Brandon Dubinsky) at 3:28
7. Sabres , Marian Hossa 4 (Mike Richards, Trevor Daley) at 14:15 (PP)

Penalties :
Aaron Rome (MTL) for Hooking (Minor) at 12:27, Aaron Rome (MTL) for Hooking (Minor) at 16:10, Dustin Byfuglien (MTL) for Interference (Minor) at 18:17

Period #3

8. Sabres , Brad Stuart 3 (Marian Hossa, Tyler Myers) at 4:04
9. Canadiens , Logan Couture 7 (Jonathan Toews, Travis Hamonic) at 15:34

Penalties :
Manny Malhotra (MTL) for High sticking (Minor) at 0:55, Logan Couture (MTL) for Roughing (Minor) at 7:07, Travis Hamonic (MTL) for Holding (Minor) at 10:37, Troy Brouwer (BUF) for Interference (Minor) at 18:47

Goalie Stats

Martin Biron (BUF), 11 saves from 12 shots - (0.917), 36:32 minutes
Devan Dubnyk (BUF), 6 saves from 11 shots - (0.545), L, 6-4-0, 23:28 minutes
Jonas Hiller (MTL), 44 saves from 47 shots - (0.936), W, 8-7-0, 60:00 minutes

Players Stats

Sabres
Player Name              G  A  P  +/- PIM S  H  SB FO    MP 
------------------------------------------------------------
Brad Stuart              1  0  1  -2  0   2  0  1  0/0   18 
Chris Stewart            0  1  1  -3  0   3  0  0  2/3   22 
David Legwand            0  0  0   1  0   0  0  0  1/3   4  
Henrik Zetterberg        0  0  0  -3  0   2  0  0  19/34 23 
Jeff Schultz             0  0  0   0  0   0  0  0  0/0   3  
Johan Franzen            0  0  0   0  0   6  5  0  3/4   20 
Jordan Staal             0  0  0  -1  0   2  0  1  7/16  16 
Karl Alzner              0  0  0  -1  0   1  2  0  0/0   12 
Luke Schenn              0  0  0  -1  2   1  2  0  0/0   22 
Marian Hossa             1  1  2   0  0   6  0  0  1/2   20 
Mike Richards            0  1  1  -1  2   8  1  0  12/28 20 
Paul Byron               0  0  0   0  0   0  0  0  0/0   0  
Steve Downie             0  0  0  -1  0   2  4  0  0/1   15 
Trevor Daley             0  1  1  -1  0   4  0  0  0/0   21 
Troy Brouwer             0  0  0  -1  2   1  2  0  0/1   15 
Tuomo Ruutu              0  1  1  -3  0   2  4  0  0/0   21 
Tyler Myers              1  1  2  -2  0   5  1  2  0/0   23 
Victor Hedman            0  0  0  -1  0   2  1  2  0/0   20 
Canadiens
Player Name              G  A  P  +/- PIM S  H  SB FO    MP 
------------------------------------------------------------
Aaron Rome               0  0  0   0  6   1  5  1  0/0   17 
Andy McDonald            1  2  3   2  0   2  0  0  17/29 22 
Brandon Dubinsky         2  1  3   2  0   4  0  0  0/1   17 
Bryan Little             0  0  0   0  0   1  0  0  5/8   9  
David Perron             0  1  1   0  0   2  0  0  0/0   10 
Dominic Moore            0  0  0   0  0   0  0  0  0/0   16 
Dustin Byfuglien         0  1  1   2  4   3  4  0  0/3   17 
Henrik Tallinder         0  0  0   2  0   1  1  0  0/0   22 
Jonathan Toews           0  2  2   2  0   2  2  0  13/37 19 
Jordan Eberle            0  0  0   0  0   0  1  0  0/0   12 
Logan Couture            2  0  2   2  2   2  0  0  0/0   9  
Manny Malhotra           1  0  1   0  2   2  2  0  12/13 19 
Marc-Edouard Vlasic      0  1  1   2  0   0  0  0  0/0   22 
Nick Schultz             0  0  0   0  0   0  0  1  0/0   10 
Rob Scuderi              0  1  1   0  0   0  0  1  0/0   20 
Tom Poti                 0  0  0   2  0   0  0  2  0/0   17 
Travis Hamonic           0  1  1   2  6   1  0  1  0/0   9  
Ville Leino              0  1  1   2  0   2  0  0  0/1   14 

3 Stars

1 - Brandon Dubinsky (MTL)
2 - Andy McDonald (MTL)
3 - Logan Couture (MTL)

Power Play

Sabres - 2 on 10 Attempt(s) - 20.00%
Canadiens - 1 on 3 Attempt(s) - 33.33%

Penalty Kill

Sabres - 2 on 3 Attempt(s) - 66.67% - Score 0 goal in Penalty Kill
Canadiens - 8 on 10 Attempt(s) - 80.00% - Score 0 goal in Penalty Kill

Game Notes

Martin Biron enters game at 3:28 of 2nd period

Finance

Level 1 -- Attendance: 4816 (74.09%) -- Ticket Income $481,600.00
Level 2 -- Attendance: 3240 (64.80%) -- Ticket Income $194,400.00
Level 3 -- Attendance: 2698 (77.09%) -- Ticket Income $94,430.00
Level 4 -- Attendance: 2647 (50.20%) -- Ticket Income $52,940.00
Luxury Box -- Attendance: 876 (87.60%) -- Ticket Income $153,300.00
Game was played at the Bell Centre
Total Attendance: 14277 (67.11%)
Total Ticket Income: $1,067,159.00
Other Income: $189,129.90
Total Income: $1,256,289.00


Play by Play

Period #1

0:01 of 1st period - Henrik Zetterberg wins face-off versus Jonathan Toews in neutral zone.
0:09 of 1st period - Minor Penalty to Travis Hamonic for Goalie Interference.
0:10 of 1st period - Andy McDonald wins face-off versus Mike Richards in Canadiens zone.
0:24 of 1st period - Marian Hossa is hit by Aaron Rome and loses puck.
0:47 of 1st period - Shot by Trevor Daley.
0:47 of 1st period - Stopped by Jonas Hiller without a rebound.
0:48 of 1st period - Jonathan Toews wins face-off versus Chris Stewart in Canadiens zone.
1:25 of 1st period - Shot by Chris Stewart.
1:25 of 1st period - Shot Misses the Net.
1:27 of 1st period - Shot by Tyler Myers.
1:27 of 1st period - Goal by Tyler Myers - Sabres : 1 - Canadiens : 0.
1:28 of 1st period - Andy McDonald wins face-off versus Mike Richards in neutral zone.
1:50 of 1st period - Shot by Ville Leino.
1:50 of 1st period - Stopped by Devan Dubnyk without a rebound.
1:51 of 1st period - Jordan Staal wins face-off versus Bryan Little in Sabres zone.
2:01 of 1st period - Dustin Byfuglien is hit by Luke Schenn and loses puck.
2:18 of 1st period - Shot by Dustin Byfuglien.
2:18 of 1st period - Shot Misses the Net.
2:22 of 1st period - Shot by Dominic Moore.
2:22 of 1st period - Shot Blocked by Jordan Staal.
2:37 of 1st period - Off-side.
2:38 of 1st period - Andy McDonald wins face-off versus Henrik Zetterberg in neutral zone.
3:11 of 1st period - Shot by Ville Leino.
3:11 of 1st period - Shot Misses the Net.
3:15 of 1st period - Shot by Brandon Dubinsky.
3:15 of 1st period - Shot Misses the Net.
3:19 of 1st period - Shot by Brandon Dubinsky.
3:19 of 1st period - Shot Misses the Net.
3:21 of 1st period - Shot by Brandon Dubinsky.
3:21 of 1st period - Shot Misses the Net.
3:39 of 1st period - Shot by Mike Richards.
3:39 of 1st period - Shot Misses the Net.
3:43 of 1st period - Shot by Marian Hossa.
3:43 of 1st period - Stopped by Jonas Hiller without a rebound.
3:44 of 1st period - Mike Richards wins face-off versus Jonathan Toews in Canadiens zone.
4:05 of 1st period - Shot by Dustin Byfuglien.
4:05 of 1st period - Shot Misses the Net.
4:09 of 1st period - Shot by Logan Couture.
4:09 of 1st period - Goal by Logan Couture - Sabres : 1 - Canadiens : 1.
4:10 of 1st period - Manny Malhotra wins face-off versus Jordan Staal in neutral zone.
4:10 of 1st period - Manny Malhotra is hit by Steve Downie.
4:14 of 1st period - Shot by David Perron.
4:14 of 1st period - Shot Misses the Net.
4:16 of 1st period - Shot by Manny Malhotra.
4:16 of 1st period - Stopped by Devan Dubnyk without a rebound.
4:17 of 1st period - Manny Malhotra wins face-off versus Jordan Staal in Sabres zone.
4:17 of 1st period - Manny Malhotra is hit by Luke Schenn.
4:36 of 1st period - Minor Penalty to Luke Schenn for Hooking.
4:37 of 1st period - Andy McDonald wins face-off versus Henrik Zetterberg in Sabres zone.
5:08 of 1st period - Shot by Brandon Dubinsky.
5:08 of 1st period - Goal by Brandon Dubinsky - Sabres : 1 - Canadiens : 2.
5:09 of 1st period - Manny Malhotra wins face-off versus Mike Richards in neutral zone.
5:35 of 1st period - Shot by Marian Hossa.
5:35 of 1st period - Shot Blocked by Aaron Rome.
6:30 of 1st period - Shot by Chris Stewart.
6:30 of 1st period - Stopped by Jonas Hiller without a rebound.
6:31 of 1st period - Jonathan Toews wins face-off versus Steve Downie in Canadiens zone.
7:16 of 1st period - Icing by Luke Schenn.
7:17 of 1st period - Andy McDonald wins face-off versus Jordan Staal in Sabres zone.
7:40 of 1st period - Henrik Tallinder is hit by Steve Downie and loses puck.
7:57 of 1st period - Shot by Brandon Dubinsky.
7:57 of 1st period - Goal by Brandon Dubinsky - Sabres : 1 - Canadiens : 3.
7:58 of 1st period - Manny Malhotra wins face-off versus Henrik Zetterberg in neutral zone.
8:11 of 1st period - Manny Malhotra is hit by Tuomo Ruutu and loses puck.
8:26 of 1st period - Shot by Tuomo Ruutu.
8:26 of 1st period - Shot Misses the Net.
8:30 of 1st period - Shot by Tuomo Ruutu.
8:30 of 1st period - Stopped by Jonas Hiller without a rebound.
8:31 of 1st period - Bryan Little wins face-off versus Mike Richards in Canadiens zone.
9:12 of 1st period - Shot by Marian Hossa.
9:12 of 1st period - Shot Misses the Net.
9:27 of 1st period - Minor Penalty to Mike Richards for High sticking.
9:28 of 1st period - Henrik Zetterberg wins face-off versus Jonathan Toews in Sabres zone.
9:28 of 1st period - Henrik Zetterberg is hit by Jonathan Toews.
9:35 of 1st period - Icing by Marc-Edouard Vlasic.
9:36 of 1st period - Henrik Zetterberg wins face-off versus Jonathan Toews in Canadiens zone.
9:53 of 1st period - Shot by Dustin Byfuglien.
9:53 of 1st period - Shot Misses the Net.
9:55 of 1st period - Shot by Dustin Byfuglien.
9:55 of 1st period - Stopped by Devan Dubnyk without a rebound.
9:56 of 1st period - Andy McDonald wins face-off versus Henrik Zetterberg in Sabres zone.
10:07 of 1st period - Shot by Andy McDonald.
10:07 of 1st period - Shot Misses the Net.
10:13 of 1st period - Shot by Andy McDonald.
10:13 of 1st period - Deflect By Ville Leino.
10:13 of 1st period - Stopped by Devan Dubnyk without a rebound.
10:14 of 1st period - Jonathan Toews wins face-off versus David Legwand in Sabres zone.
11:19 of 1st period - Shot by Ville Leino.
11:19 of 1st period - Shot Blocked by Tyler Myers.
11:21 of 1st period - Shot by Andy McDonald.
11:21 of 1st period - Shot Blocked by Tyler Myers.
11:23 of 1st period - Shot by Henrik Tallinder.
11:23 of 1st period - Stopped by Devan Dubnyk with a rebound.
11:36 of 1st period - Off-side.
11:37 of 1st period - Manny Malhotra wins face-off versus Henrik Zetterberg in neutral zone.
12:03 of 1st period - Shot by Jordan Eberle.
12:03 of 1st period - Deflect By Manny Malhotra.
12:03 of 1st period - Shot Misses the Net.
12:05 of 1st period - Shot by David Perron.
12:05 of 1st period - Shot Misses the Net.
12:41 of 1st period - Shot by Andy McDonald.
12:41 of 1st period - Stopped by Devan Dubnyk with a rebound.
12:43 of 1st period - Shot by Marc-Edouard Vlasic.
12:43 of 1st period - Shot Misses the Net.
12:45 of 1st period - Shot by Brandon Dubinsky.
12:45 of 1st period - Shot Misses the Net.
12:47 of 1st period - Shot by Brandon Dubinsky.
12:47 of 1st period - Shot Misses the Net.
13:00 of 1st period - Minor Penalty to Dustin Byfuglien for High sticking.
13:01 of 1st period - Mike Richards wins face-off versus Jonathan Toews in Canadiens zone.
13:31 of 1st period - Shot by Trevor Daley.
13:31 of 1st period - Stopped by Jonas Hiller without a rebound.
13:32 of 1st period - Mike Richards wins face-off versus Andy McDonald in Canadiens zone.
13:41 of 1st period - Shot by Mike Richards.
13:41 of 1st period - Deflect By Johan Franzen.
13:41 of 1st period - Shot Misses the Net.
13:43 of 1st period - Shot by Mike Richards.
13:43 of 1st period - Deflect By Johan Franzen.
13:43 of 1st period - Stopped by Jonas Hiller without a rebound.
13:44 of 1st period - Andy McDonald wins face-off versus Mike Richards in Canadiens zone.
16:00 of 1st period - Minor Penalty to Aaron Rome for Diving.
16:01 of 1st period - Mike Richards wins face-off versus Brandon Dubinsky in Canadiens zone.
16:17 of 1st period - Shot by Mike Richards.
16:17 of 1st period - Shot Misses the Net.
16:19 of 1st period - Shot by Victor Hedman.
16:19 of 1st period - Stopped by Jonas Hiller without a rebound.
16:20 of 1st period - Henrik Zetterberg wins face-off versus Jonathan Toews in Canadiens zone.
16:47 of 1st period - Shot by Chris Stewart.
16:47 of 1st period - Shot Misses the Net.
16:49 of 1st period - Shot by Tyler Myers.
16:49 of 1st period - Stopped by Jonas Hiller without a rebound.
16:50 of 1st period - Andy McDonald wins face-off versus Mike Richards in Canadiens zone.
16:50 of 1st period - Andy McDonald is hit by Johan Franzen.
17:08 of 1st period - Shot by Johan Franzen.
17:08 of 1st period - Shot Misses the Net.
17:10 of 1st period - Shot by Mike Richards.
17:10 of 1st period - Stopped by Jonas Hiller without a rebound.
17:11 of 1st period - Henrik Zetterberg wins face-off versus Andy McDonald in Canadiens zone.
18:13 of 1st period - Shot by Mike Richards.
18:13 of 1st period - Stopped by Jonas Hiller with a rebound.
18:15 of 1st period - Shot by Karl Alzner.
18:15 of 1st period - Stopped by Jonas Hiller without a rebound.
18:16 of 1st period - Jordan Staal wins face-off versus Dustin Byfuglien in Canadiens zone.
18:37 of 1st period - Shot by Tuomo Ruutu.
18:37 of 1st period - Stopped by Jonas Hiller without a rebound.
18:38 of 1st period - Andy McDonald wins face-off versus Marian Hossa in Canadiens zone.
19:09 of 1st period - Shot by Marian Hossa.
19:09 of 1st period - Stopped by Jonas Hiller without a rebound.
19:10 of 1st period - Manny Malhotra wins face-off versus Henrik Zetterberg in Canadiens zone.
19:31 of 1st period - Shot by David Perron.
19:31 of 1st period - Deflect By Manny Malhotra.
19:31 of 1st period - Goal by Manny Malhotra - Sabres : 1 - Canadiens : 4.
19:32 of 1st period - Jordan Staal wins face-off versus Jonathan Toews in neutral zone.
19:35 of 1st period - Shot by Steve Downie.
19:35 of 1st period - Stopped by Jonas Hiller without a rebound.
19:36 of 1st period - Jordan Staal wins face-off versus Jonathan Toews in Canadiens zone.
19:56 of 1st period - Minor Penalty to Travis Hamonic for Hooking.
19:57 of 1st period - Mike Richards wins face-off versus Andy McDonald in Canadiens zone.

Period #2

0:01 of 2nd period - Henrik Zetterberg wins face-off versus Jonathan Toews in neutral zone.
1:00 of 2nd period - Shot by Mike Richards.
1:00 of 2nd period - Shot Misses the Net.
1:02 of 2nd period - Shot by Mike Richards.
1:02 of 2nd period - Shot Misses the Net.
1:04 of 2nd period - Shot by Johan Franzen.
1:04 of 2nd period - Stopped by Jonas Hiller without a rebound.
1:05 of 2nd period - Andy McDonald wins face-off versus Mike Richards in Canadiens zone.
1:05 of 2nd period - Andy McDonald is hit by Johan Franzen.
1:17 of 2nd period - Henrik Tallinder is hit by Johan Franzen and loses puck.
1:24 of 2nd period - Shot by Mike Richards.
1:24 of 2nd period - Stopped by Jonas Hiller without a rebound.
1:25 of 2nd period - Jonathan Toews wins face-off versus Henrik Zetterberg in Canadiens zone.
1:32 of 2nd period - Manny Malhotra is hit by Tuomo Ruutu and loses puck.
2:46 of 2nd period - Dustin Byfuglien is hit by Steve Downie and loses puck.
3:02 of 2nd period - Off-side.
3:03 of 2nd period - Andy McDonald wins face-off versus Henrik Zetterberg in neutral zone.
3:24 of 2nd period - Shot by Brandon Dubinsky.
3:24 of 2nd period - Shot Blocked by Brad Stuart.
3:28 of 2nd period - Shot by Andy McDonald.
3:28 of 2nd period - Goal by Andy McDonald - Sabres : 1 - Canadiens : 5.
3:28 of 2nd period - Martin Biron enters game.
3:29 of 2nd period - Manny Malhotra wins face-off versus Jordan Staal in neutral zone.
3:32 of 2nd period - Shot by Rob Scuderi.
3:32 of 2nd period - Shot Blocked by Victor Hedman.
4:00 of 2nd period - Shot by Jordan Staal.
4:00 of 2nd period - Shot Misses the Net.
4:02 of 2nd period - Shot by Luke Schenn.
4:02 of 2nd period - Shot Blocked by Rob Scuderi.
4:21 of 2nd period - Mike Richards is hit by Manny Malhotra and loses puck.
5:04 of 2nd period - Manny Malhotra is hit by Tuomo Ruutu and loses puck.
6:08 of 2nd period - Shot by Brandon Dubinsky.
6:08 of 2nd period - Stopped by Martin Biron without a rebound.
6:09 of 2nd period - Mike Richards wins face-off versus Dustin Byfuglien in Sabres zone.
6:28 of 2nd period - Karl Alzner is hit by Dustin Byfuglien and loses puck.
6:57 of 2nd period - Trevor Daley is hit by Dustin Byfuglien and loses puck.
7:13 of 2nd period - Icing by Trevor Daley.
7:14 of 2nd period - Andy McDonald wins face-off versus Mike Richards in Sabres zone.
8:05 of 2nd period - Bryan Little is hit by Tyler Myers and loses puck.
8:21 of 2nd period - Icing by Tom Poti.
8:22 of 2nd period - Bryan Little wins face-off versus Jordan Staal in Canadiens zone.
8:22 of 2nd period - Bryan Little is hit by Steve Downie.
8:25 of 2nd period - Icing by Tom Poti.
8:26 of 2nd period - Jordan Staal wins face-off versus Bryan Little in Canadiens zone.
9:41 of 2nd period - Shot by David Legwand.
9:41 of 2nd period - Shot Misses the Net.
9:43 of 2nd period - Shot by Marian Hossa.
9:43 of 2nd period - Stopped by Jonas Hiller without a rebound.
9:44 of 2nd period - Henrik Zetterberg wins face-off versus Andy McDonald in Canadiens zone.
9:46 of 2nd period - Tuomo Ruutu is hit by Henrik Tallinder and loses puck.
10:54 of 2nd period - Marc-Edouard Vlasic is hit by Troy Brouwer and loses puck.
11:46 of 2nd period - Chris Stewart is hit by Aaron Rome and loses puck.
12:08 of 2nd period - Tuomo Ruutu is hit by Aaron Rome and loses puck.
12:25 of 2nd period - Shot by Steve Downie.
12:25 of 2nd period - Shot Misses the Net.
12:27 of 2nd period - Shot by Jordan Staal.
12:27 of 2nd period - Stopped by Jonas Hiller without a rebound.
12:27 of 2nd period - Minor Penalty to Aaron Rome for Hooking.
12:28 of 2nd period - Marian Hossa wins face-off versus Jonathan Toews in Canadiens zone.
12:47 of 2nd period - Shot by Marian Hossa.
12:47 of 2nd period - Shot Misses the Net.
12:49 of 2nd period - Shot by Trevor Daley.
12:49 of 2nd period - Stopped by Jonas Hiller without a rebound.
12:50 of 2nd period - Andy McDonald wins face-off versus Henrik Zetterberg in Canadiens zone.
12:50 of 2nd period - Andy McDonald is hit by Tuomo Ruutu.
13:08 of 2nd period - Shot by Luke Schenn.
13:08 of 2nd period - Stopped by Jonas Hiller without a rebound.
13:09 of 2nd period - Henrik Zetterberg wins face-off versus Jonathan Toews in Canadiens zone.
13:12 of 2nd period - Shot by Tyler Myers.
13:12 of 2nd period - Shot Misses the Net.
13:30 of 2nd period - Shot by Tyler Myers.
13:30 of 2nd period - Stopped by Jonas Hiller without a rebound.
13:31 of 2nd period - Jonathan Toews wins face-off versus Mike Richards in Canadiens zone.
13:31 of 2nd period - Jonathan Toews is hit by Johan Franzen.
13:45 of 2nd period - Shot by Mike Richards.
13:45 of 2nd period - Stopped by Jonas Hiller without a rebound.
13:46 of 2nd period - Johan Franzen wins face-off versus Jonathan Toews in Canadiens zone.
13:47 of 2nd period - Shot by Victor Hedman.
13:47 of 2nd period - Stopped by Jonas Hiller without a rebound.
13:48 of 2nd period - Jonathan Toews wins face-off versus Mike Richards in Canadiens zone.
13:54 of 2nd period - Icing by Johan Franzen.
13:55 of 2nd period - Mike Richards wins face-off versus Jonathan Toews in Sabres zone.
14:11 of 2nd period - Shot by Victor Hedman.
14:11 of 2nd period - Shot Misses the Net.
14:13 of 2nd period - Shot by Trevor Daley.
14:13 of 2nd period - Shot Blocked by Travis Hamonic.
14:15 of 2nd period - Shot by Mike Richards.
14:15 of 2nd period - Deflect By Marian Hossa.
14:15 of 2nd period - Goal by Marian Hossa - Sabres : 2 - Canadiens : 5.
14:16 of 2nd period - Bryan Little wins face-off versus Henrik Zetterberg in neutral zone.
14:21 of 2nd period - Shot by Dominic Moore.
14:21 of 2nd period - Deflect By Bryan Little.
14:21 of 2nd period - Stopped by Martin Biron without a rebound.
14:22 of 2nd period - Chris Stewart wins face-off versus Andy McDonald in Sabres zone.
14:29 of 2nd period - Shot by Brandon Dubinsky.
14:29 of 2nd period - Shot Misses the Net.
15:18 of 2nd period - Icing by Nick Schultz.
15:19 of 2nd period - Bryan Little wins face-off versus Jordan Staal in Canadiens zone.
15:44 of 2nd period - Shot by Troy Brouwer.
15:44 of 2nd period - Shot Blocked by Tom Poti.
15:48 of 2nd period - Shot by Steve Downie.
15:48 of 2nd period - Shot Misses the Net.
15:50 of 2nd period - Shot by Jordan Staal.
15:50 of 2nd period - Stopped by Jonas Hiller without a rebound.
15:51 of 2nd period - Manny Malhotra wins face-off versus Mike Richards in Canadiens zone.
15:51 of 2nd period - Manny Malhotra is hit by Mike Richards.
16:10 of 2nd period - Minor Penalty to Aaron Rome for Hooking.
16:11 of 2nd period - Jonathan Toews wins face-off versus Mike Richards in Canadiens zone.
16:20 of 2nd period - Shot by Mike Richards.
16:20 of 2nd period - Stopped by Jonas Hiller without a rebound.
16:21 of 2nd period - Henrik Zetterberg wins face-off versus Andy McDonald in Canadiens zone.
16:44 of 2nd period - Shot by Tyler Myers.
16:44 of 2nd period - Stopped by Jonas Hiller without a rebound.
16:45 of 2nd period - Mike Richards wins face-off versus Andy McDonald in Canadiens zone.
18:17 of 2nd period - Minor Penalty to Dustin Byfuglien for Interference.
18:18 of 2nd period - Jonathan Toews wins face-off versus Mike Richards in Canadiens zone.
18:39 of 2nd period - Shot by Marian Hossa.
18:39 of 2nd period - Shot Misses the Net.
19:07 of 2nd period - Shot by Chris Stewart.
19:07 of 2nd period - Shot Misses the Net.
19:09 of 2nd period - Shot by Henrik Zetterberg.
19:09 of 2nd period - Stopped by Jonas Hiller with a rebound.
19:11 of 2nd period - Shot by Chris Stewart.
19:11 of 2nd period - Stopped by Jonas Hiller without a rebound.
19:12 of 2nd period - Henrik Zetterberg wins face-off versus Jonathan Toews in Canadiens zone.
19:39 of 2nd period - Shot by Henrik Zetterberg.
19:39 of 2nd period - Shot Misses the Net.
19:57 of 2nd period - Andy McDonald is hit by Troy Brouwer and loses puck.

Period #3

0:01 of 3rd period - Henrik Zetterberg wins face-off versus Jonathan Toews in neutral zone.
0:18 of 3rd period - Shot by Dustin Byfuglien.
0:18 of 3rd period - Stopped by Martin Biron without a rebound.
0:19 of 3rd period - Johan Franzen wins face-off versus Andy McDonald in Sabres zone.
0:30 of 3rd period - Shot by Mike Richards.
0:30 of 3rd period - Stopped by Jonas Hiller without a rebound.
0:31 of 3rd period - Jonathan Toews wins face-off versus Troy Brouwer in Canadiens zone.
0:43 of 3rd period - Shot by Dustin Byfuglien.
0:43 of 3rd period - Shot Blocked by Victor Hedman.
0:45 of 3rd period - Shot by Travis Hamonic.
0:45 of 3rd period - Stopped by Martin Biron without a rebound.
0:46 of 3rd period - Andy McDonald wins face-off versus Henrik Zetterberg in Sabres zone.
0:52 of 3rd period - Off-side.
0:53 of 3rd period - Manny Malhotra wins face-off versus Mike Richards in neutral zone.
0:55 of 3rd period - Minor Penalty to Manny Malhotra for High sticking.
0:56 of 3rd period - Henrik Zetterberg wins face-off versus Jonathan Toews in Canadiens zone.
1:20 of 3rd period - Shot by Tuomo Ruutu.
1:20 of 3rd period - Shot Misses the Net.
1:22 of 3rd period - Shot by Tyler Myers.
1:22 of 3rd period - Stopped by Jonas Hiller without a rebound.
1:23 of 3rd period - Mike Richards wins face-off versus Jonathan Toews in Canadiens zone.
1:32 of 3rd period - Shot by Victor Hedman.
1:32 of 3rd period - Shot Misses the Net.
1:34 of 3rd period - Shot by Johan Franzen.
1:34 of 3rd period - Stopped by Jonas Hiller without a rebound.
1:35 of 3rd period - Andy McDonald wins face-off versus Johan Franzen in Canadiens zone.
2:46 of 3rd period - Icing by Chris Stewart.
2:47 of 3rd period - Henrik Zetterberg wins face-off versus Jonathan Toews in Sabres zone.
3:04 of 3rd period - Troy Brouwer is hit by Jonathan Toews and loses puck.
3:12 of 3rd period - Icing by Steve Downie.
3:13 of 3rd period - Manny Malhotra wins face-off versus Jordan Staal in Sabres zone.
3:13 of 3rd period - David Perron is hit by Victor Hedman and loses puck.
3:21 of 3rd period - Steve Downie is hit by Aaron Rome and loses puck.
3:29 of 3rd period - Steve Downie is hit by Aaron Rome and loses puck.
4:00 of 3rd period - Shot by Marian Hossa.
4:00 of 3rd period - Shot Hit the Post.
4:02 of 3rd period - Shot by Marian Hossa.
4:02 of 3rd period - Shot Misses the Net.
4:04 of 3rd period - Shot by Brad Stuart.
4:04 of 3rd period - Goal by Brad Stuart - Sabres : 3 - Canadiens : 5.
4:05 of 3rd period - Henrik Zetterberg wins face-off versus Ville Leino in neutral zone.
4:48 of 3rd period - Shot by Brandon Dubinsky.
4:48 of 3rd period - Stopped by Martin Biron without a rebound.
4:49 of 3rd period - Jordan Staal wins face-off versus Jonathan Toews in Sabres zone.
4:49 of 3rd period - Jordan Staal is hit by Dustin Byfuglien.
5:11 of 3rd period - Shot by Jonathan Toews.
5:11 of 3rd period - Deflect By Dustin Byfuglien.
5:11 of 3rd period - Stopped by Martin Biron without a rebound.
5:12 of 3rd period - Johan Franzen wins face-off versus Dustin Byfuglien in Sabres zone.
5:12 of 3rd period - Johan Franzen is hit by Dustin Byfuglien.
5:30 of 3rd period - Bryan Little is hit by Karl Alzner.
5:36 of 3rd period - Shot by Marian Hossa.
5:36 of 3rd period - Stopped by Jonas Hiller without a rebound.
5:37 of 3rd period - Manny Malhotra wins face-off versus Henrik Zetterberg in Canadiens zone.
5:44 of 3rd period - Icing by Chris Stewart.
5:45 of 3rd period - Henrik Zetterberg wins face-off versus Andy McDonald in Sabres zone.
6:43 of 3rd period - Troy Brouwer is hit by Manny Malhotra and loses puck.
7:02 of 3rd period - Shot by David Perron.
7:02 of 3rd period - Stopped by Martin Biron with a rebound.
7:04 of 3rd period - Shot by Aaron Rome.
7:04 of 3rd period - Stopped by Martin Biron without a rebound.
7:05 of 3rd period - Mike Richards wins face-off versus Jonathan Toews in Sabres zone.
7:07 of 3rd period - Minor Penalty to Logan Couture for Roughing.
7:08 of 3rd period - Jonathan Toews wins face-off versus Mike Richards in Canadiens zone.
7:35 of 3rd period - Shot by Johan Franzen.
7:35 of 3rd period - Stopped by Jonas Hiller without a rebound.
7:36 of 3rd period - Jonathan Toews wins face-off versus Henrik Zetterberg in Canadiens zone.
9:28 of 3rd period - Shot by Troy Brouwer.
9:28 of 3rd period - Shot Blocked by Nick Schultz.
9:30 of 3rd period - Shot by Brad Stuart.
9:30 of 3rd period - Stopped by Jonas Hiller without a rebound.
9:31 of 3rd period - Henrik Zetterberg wins face-off versus Andy McDonald in Canadiens zone.
9:40 of 3rd period - Shot by Chris Stewart.
9:40 of 3rd period - Stopped by Jonas Hiller with a rebound.
10:37 of 3rd period - Minor Penalty to Travis Hamonic for Holding.
10:38 of 3rd period - Mike Richards wins face-off versus Jonathan Toews in Canadiens zone.
11:09 of 3rd period - Shot by Marian Hossa.
11:09 of 3rd period - Stopped by Jonas Hiller with a rebound.
11:15 of 3rd period - Shot by Johan Franzen.
11:15 of 3rd period - Stopped by Jonas Hiller without a rebound.
11:16 of 3rd period - Henrik Zetterberg wins face-off versus Andy McDonald in Canadiens zone.
12:04 of 3rd period - Shot by Johan Franzen.
12:04 of 3rd period - Deflect By Mike Richards.
12:04 of 3rd period - Stopped by Jonas Hiller without a rebound.
12:05 of 3rd period - Mike Richards wins face-off versus Jonathan Toews in Canadiens zone.
12:08 of 3rd period - Shot by Marian Hossa.
12:08 of 3rd period - Shot Misses the Net.
12:10 of 3rd period - Shot by Johan Franzen.
12:10 of 3rd period - Shot Hit the Post.
12:12 of 3rd period - Shot by Johan Franzen.
12:12 of 3rd period - Stopped by Jonas Hiller with a rebound.
12:16 of 3rd period - Shot by Mike Richards.
12:16 of 3rd period - Shot Misses the Net.
12:18 of 3rd period - Shot by Johan Franzen.
12:18 of 3rd period - Shot Misses the Net.
12:22 of 3rd period - Shot by Mike Richards.
12:22 of 3rd period - Deflect By Johan Franzen.
12:22 of 3rd period - Shot Hit the Post.
12:24 of 3rd period - Shot by Trevor Daley.
12:24 of 3rd period - Stopped by Jonas Hiller without a rebound.
12:25 of 3rd period - Chris Stewart wins face-off versus Andy McDonald in Canadiens zone.
12:48 of 3rd period - Shot by Jordan Staal.
12:48 of 3rd period - Deflect By Steve Downie.
12:48 of 3rd period - Stopped by Jonas Hiller without a rebound.
12:49 of 3rd period - Jonathan Toews wins face-off versus Jordan Staal in Canadiens zone.
12:57 of 3rd period - Icing by Victor Hedman.
12:58 of 3rd period - Jordan Staal wins face-off versus Bryan Little in Sabres zone.
13:07 of 3rd period - Shot by Troy Brouwer.
13:07 of 3rd period - Stopped by Jonas Hiller with a rebound.
13:09 of 3rd period - Shot by Troy Brouwer.
13:09 of 3rd period - Shot Misses the Net.
13:11 of 3rd period - Shot by Jordan Staal.
13:11 of 3rd period - Shot Blocked by Tom Poti.
13:25 of 3rd period - Shot by Bryan Little.
13:25 of 3rd period - Shot Misses the Net.
14:40 of 3rd period - Shot by David Perron.
14:40 of 3rd period - Stopped by Martin Biron without a rebound.
14:41 of 3rd period - Henrik Zetterberg wins face-off versus Manny Malhotra in Sabres zone.
15:24 of 3rd period - Icing by Tyler Myers.
15:25 of 3rd period - Jonathan Toews wins face-off versus Henrik Zetterberg in Sabres zone.
15:34 of 3rd period - Shot by Jonathan Toews.
15:34 of 3rd period - Deflect By Logan Couture.
15:34 of 3rd period - Goal by Logan Couture - Sabres : 3 - Canadiens : 6.
15:35 of 3rd period - Bryan Little wins face-off versus Mike Richards in neutral zone.
15:35 of 3rd period - Dustin Byfuglien is hit by Johan Franzen and loses puck.
15:59 of 3rd period - Dominic Moore is hit by Karl Alzner and loses puck.
16:44 of 3rd period - Shot by Chris Stewart.
16:44 of 3rd period - Shot Misses the Net.
16:48 of 3rd period - Shot by Tuomo Ruutu.
16:48 of 3rd period - Shot Misses the Net.
17:10 of 3rd period - Shot by Marian Hossa.
17:10 of 3rd period - Shot Misses the Net.
17:12 of 3rd period - Shot by Mike Richards.
17:12 of 3rd period - Stopped by Jonas Hiller with a rebound.
18:06 of 3rd period - Icing by Marc-Edouard Vlasic.
18:07 of 3rd period - Andy McDonald wins face-off versus Henrik Zetterberg in Canadiens zone.
18:21 of 3rd period - Shot by Tuomo Ruutu.
18:21 of 3rd period - Shot Misses the Net.
18:23 of 3rd period - Shot by Brad Stuart.
18:23 of 3rd period - Shot Misses the Net.
18:25 of 3rd period - Shot by Tuomo Ruutu.
18:25 of 3rd period - Deflect By Henrik Zetterberg.
18:25 of 3rd period - Stopped by Jonas Hiller with a rebound.
18:29 of 3rd period - Shot by Henrik Zetterberg.
18:29 of 3rd period - Shot Misses the Net.
18:31 of 3rd period - Shot by Brad Stuart.
18:31 of 3rd period - Shot Misses the Net.
18:35 of 3rd period - Shot by Henrik Zetterberg.
18:35 of 3rd period - Shot Misses the Net.
18:46 of 3rd period - Off-side.
18:47 of 3rd period - Manny Malhotra wins face-off versus Jordan Staal in neutral zone.
18:47 of 3rd period - Minor Penalty to Troy Brouwer for Interference.
18:48 of 3rd period - David Legwand wins face-off versus Jonathan Toews in Sabres zone.
18:48 of 3rd period - David Legwand is hit by Jordan Eberle.
19:24 of 3rd period - Shot by Jonathan Toews.
19:24 of 3rd period - Stopped by Martin Biron without a rebound.
19:25 of 3rd period - Henrik Zetterberg wins face-off versus Jonathan Toews in Sabres zone.
19:54 of 3rd period - Shot by Jonathan Toews.
19:54 of 3rd period - Stopped by Martin Biron without a rebound.
19:55 of 3rd period - Andy McDonald wins face-off versus David Legwand in Sabres zone.


Output by the SimonT Hockey Simulator (STHS) for Stephane Roy -- Original Page W3C XHTML 1.0 Valid